AoeStats
← [GDL] Maldito Pantoja

Arabia

505085905Analyzed
4v4 RM · 26d ago on Sep 7, 2026· 20m 16s· 8 players
Game mode
Random Map
Map size
Large (8 player)
Population
200
Speed
Normal
Resources
Standard
Victory
Conquest
Starting age
Dark Age
Ending age
Imperial Age
RankedLock teamsTeams togetherTeam positionsShared explorationLock speedFull tech treeHidden civsTurbo modeCheats
Victory
Defeat
🇧🇷 Maya · Brazil
1545
+14
🇧🇷 Magyars · Brazil
1516
+15
🇧🇷 Huns · Brazil
1480
+17
🇲🇽 Saracens · Mexico
1353
+21
🇹🇷 Burgundians · Türkiye
1577
-20
🇫🇷 Persians · France
1522
-18
🇩🇪 Ethiopians · Germany
1475
-16
🇪🇸 Lithuanians · Spain
1399
-13
B.
8:06 Feudal Age
8:29 Loom
9:01 Double-Bit Axe
10:45 Horse Collar
14:13 Wheelbarrow
15:50 Scale Barding Armor
16:41 Forging
Cronik
6:22 Loom
9:30 Feudal Age
15:31 Fletching
18:03 Padded Archer Armor
zhengyifan2003
1:27 Loom
11:40 Feudal Age
16:42 Double-Bit Axe
19:06 Padded Archer Armor
20:03 Fletching
Toblerone Order
4:34 Double-Bit Axe
9:15 Feudal Age
7:30 Loom
10:18 Bow Saw
14:04 Horse Collar
14:47 Heavy Plow
17:53 Scale Barding Armor
19:37 Wheelbarrow
19:25 Forging
Saraiva
6:43 Loom
8:56 Feudal Age
9:52 Double-Bit Axe
9:49 Horse Collar
17:42 Scale Barding Armor
17:48 Forging
19:47 Bloodlines
Sorrateiro
6:09 Loom
8:42 Feudal Age
10:20 Double-Bit Axe
10:57 Horse Collar
14:19 Town Watch
16:33 Wheelbarrow
16:33 Scale Barding Armor
21:54 Castle Age
EoK_pr1ston
0:26 Loom
9:22 Feudal Age
10:12 Double-Bit Axe
11:40 Fletching
14:34 Padded Archer Armor
[GDL] Maldito Pantoja
7:07 Loom
10:22 Feudal Age
13:03 Fletching
18:17 Padded Archer Armor
Connection lost

Rejoining the realm…

Still unreachable

The connection could not be restored.

Session expired

The server has moved on; the page needs a fresh start.